 Dungeon Crawl Stone Soup version 0.31-a0-1172-g9944ec47dd (webtiles) character file.

Game seed: 845910470911702128

23 backslashecho the Chiller (level 3, -1/22 HPs)
             Began as an Octopode Ice Elementalist on Dec 10, 2023.
             Slain by a hobgoblin (4 damage)
             ... on level 1 of the Dungeon.
             The game lasted 00:01:56 (503 turns).

backslashecho the Chiller (OpIE)                     Turns: 503, Time: 00:01:56

Health: -1/22      AC:  1    Str:  7    XL:     3   Next: 0%
Magic:  3/6        EV: 13    Int: 25    God:
Gold:   35         SH:  0    Dex: 12    Spells: 5/6 levels left

rFire   . . .        c - +0 short sword
rCold   . . .        (no shield)
rNeg    . . .        (helmet restricted)
rPois   .            (no amulet)
rElec   .            b - +6 ring of intelligence
rCorr   .            (no ring)
SInv    .            (no ring)
Will    .....        (no ring)
Stlth   +++          (no ring)
HPRegen 0.23/turn    (no ring)
MPRegen 0.10/turn    (no ring)
                     (no ring)

%: no passive effects
@: no status effects
A: almost no armour, amphibious, 8 rings, camouflage 1, gelatinous body 1,
(nimble swimmer 1), tentacles
a: no special abilities


You were on level 1 of the Dungeon.
You visited 1 branch of the dungeon, and saw 1 of its levels.

You collected 35 gold pieces.

Inventory:

Hand Weapons
 c - a +0 short sword (weapon)
Jewellery
 b - a +6 ring of intelligence (left tentacle)
Potions
 a - a potion of magic
 d - a potion of curing {unknown}


   Skills:
 + Level 0.7 Fighting
 - Level 2.0 Dodging
 - Level 3.0 Stealth
 + Level 2.3 Spellcasting
 + Level 0.4 Fire Magic
 + Level 4.3 Ice Magic


You had 5 spell levels left.
You knew the following spells:

 Your Spells              Type           Power      Damage    Failure   Level
a - Freeze                Ice            96%        1d10      1%          1

Your spell library contained the following spells:

 Spells                   Type           Power      Damage    Failure   Level
 Frozen Ramparts          Ice            48%        1d8       5%          3
 Ozocubu's Armour         Ice            24%        N/A       5%          3
 Scorch                   Fire           10%        2d5       14%         2
 Gell's Gravitas          Tloc           2%         N/A       32%         3
 Teleport Other           Tloc           2%         N/A       32%         3
 Summon Ice Beast         Ice/Summ       13%        N/A       41%         4
 Flame Wave               Conj/Fire      4%         2d5       69%         4
 Dispersal                Tloc           1%         N/A       100%        6
 Summon Cactus Giant      Summ           1%         N/A       100%        6


Dungeon Overview and Level Annotations

Branches:
Dungeon (1/15)

Altars:


Innate Abilities, Weirdness & Mutations

You cannot wear most types of armour.
You are amphibious.
You can wear up to eight rings at the same time.
Your skin changes colour to match your surroundings (Stealth+).
Your rubbery body absorbs attacks. (AC +1, EV +1)
((You are camouflaged when in or above water. (Stealth+)))
You have tentacles for arms and can constrict up to eight enemies at once.


Message History

A hobgoblin is nearby!
The hobgoblin shouts!
A ball python comes into view.
A hobgoblin comes into view.
The hobgoblin shouts!
A hobgoblin comes into view.
The ball python hisses angrily.
You hit the hobgoblin. You grab the hobgoblin.
The hobgoblin is lightly wounded.
You constrict the hobgoblin. The hobgoblin misses you.
You hit the hobgoblin.
The hobgoblin is almost dead.
You constrict the hobgoblin.
You kill the hobgoblin!
The hobgoblin closely misses you.
You closely miss the hobgoblin. You grab the hobgoblin.
You constrict the hobgoblin, but do no damage.
The ball python closely misses you. The ball python grabs you.
The ball python constricts you. The hobgoblin hits you.
You take 6 damage, and have 12/18 hp.
MASSIVE DAMAGE!!
You barely miss the ball python. Your grab misses the ball python.
You constrict the hobgoblin. The ball python bites you.
The ball python constricts you. The hobgoblin closely misses you.
The hobgoblin hits you.
You take 6 damage, and have 6/18 hp.
MASSIVE DAMAGE!!
You are too injured to fight recklessly!
Casting: Freeze (safe; 2% risk of failure)
Confirm with . or Enter, or press ? or * to list all spells.
Aiming: Freeze (safe; 2% risk of failure)
Press: ? - help, Shift-Dir - straight line, f - ball python
Aim: a ball python (constricting you)
You freeze the ball python!
You kill the ball python!
You constrict the hobgoblin. The hobgoblin hits you.
* * * LOW HITPOINT WARNING * * *
The hobgoblin misses you.
You have reached level 3!
Your experience leads to an increase in your attributes!
Your base attributes are Str 7, Int 17, Dex 12.
Increase (S)trength, (I)ntelligence, or (D)exterity?
You feel clever. x2
You take 3 damage, and have 3/22 hp.
You now have 4/6 mp.
Casting: Freeze (safe; 1% risk of failure)
Confirm with . or Enter, or press ? or * to list all spells.
Aiming: Freeze (safe; 1% risk of failure)
Press: ? - help, Shift-Dir - straight line, f - hobgoblin
Aim: a hobgoblin You freeze the hobgoblin!
You kill the hobgoblin!
You constrict the hobgoblin. The hobgoblin hits you.
You die...

##........ .. ......
#........ #.. .....
#........ ...##...#
#........
#......########........
###...................##
.....................###
#..g.†....#######.###
#...@...# ####.....##
#.......# .....##..##
#.......# ###......##
#####...######...#.#
######### #...##.........#
#.......# #...##.#####.###
#.......######.........##.##
#..........................#
#.....................)(...#


You could see a hobgoblin.

Vanquished Creatures
  A dart slug (D:1)
  2 endoplasms (D:1)
  4 hobgoblins (D:1)
  2 jackals (D:1)
  A quokka (D:1)
  2 ball pythons (D:1)
  4 frilled lizards (D:1)
  2 goblins (D:1)
  2 kobolds (D:1)
  2 rats (D:1)
22 creatures vanquished.

Notes
Turn   | Place    | Note
-------+----------+-------------------------------------------
     0 | D:1      | backslashecho the Octopode Ice Elementalist began the quest
                  | for the Orb.
     0 | D:1      | Reached XP level 1. HP: 11/11 MP: 3/3
   103 | D:1      | Reached XP level 2. HP: 17/17 MP: 3/5
   503 | D:1      | Reached XP level 3. HP: 3/22 MP: 4/6
   503 | D:1      | Slain by a hobgoblin

Illustrated notes

Levels and vault maps discovered:
D:1:      minmay_arrival_open_corners, layout_basic

Skill      XL: |  1 |
---------------+----+-----
Stealth        | 3 |  3.0
Fighting       | |  0.7
Dodging        | |  2.0
Spellcasting   | |  2.3
Fire Magic     | |  0.4
Ice Magic      | |  4.3

Action                     || total
---------------------------++-------
  Melee: Unarmed           ||     7
         Constrict         ||     9
         Tentacles         ||     6
         Short sword       ||    20
   Cast: Freeze            ||    12
   Stab: Sleeping          ||     3
 Armour: Skin              ||    14
  Dodge: Dodged            ||    22

Table legend: (Time is in decaauts)
 A = Elapsed time spent in this place.
 B = Non-inter-level travel time spent in this place.
 C = Inter-level travel time spent in this place.
 D = Time resting spent in this place.
 E = Time spent auto-exploring this place.
 F = Levels seen in this place.
 G = Mean time per level.
                   A        B        C        D        E       F      G
               +--------+--------+--------+--------+--------+-----+--------+
         Total |    502 |    502 |      0 |     31 |    331 |   1 |  502.0 |
       Dungeon |    502 |    502 |      0 |     31 |    331 |   1 |  502.0 |
               +--------+--------+--------+--------+--------+-----+--------+

Top non-repeatable levels by time:
     D:1: 502 daAuts
